 Dungeon Crawl Stone Soup version 0.27.1 (webtiles) character file.

Game seed: 3325861156592812377

270 unlimited1921 the Magician (level 6, -1/40 HPs)
             Began as a Djinni Hedge Wizard on Aug 22, 2021.
             Killed by divine providence
             ... invoked by an orc priest
              (14 damage)
             ... on level 4 of the Dungeon.
             The game lasted 00:48:17 (8739 turns).

unlimited1921 the Magician (Djinni Hedge Wizard)    Turns: 8739, Time: 00:48:18

Health: -1/40      AC:  4    Str:  9    XL:     6   Next: 47%
Gold:   87         EV: 12    Int: 18    God:
                   SH:  0    Dex: 12

rFire    + + .     SeeInvis .   y - +2 dagger (distort)
rCold    . . .     Faith    .   (no shield)
rNeg     . . .     Spirit   .   D - +2 robe {rC+}
rPois    ∞         Reflect  .   c - +0 hat
rElec    .         Harm     .   (no cloak)
rCorr    .         Rampage  .   (no gloves)
Will     .....                  (boots unavailable)
Stlth    ++........             (no amulet)
HPRegen  0.13/turn              (no ring)
MPRegen  0.00/turn              (no ring)

@: flying
A: sickness immunity, fire resistance 2, cold vulnerability 1, float, innate
caster, hp casting, extra vitality 1
a: no special abilities


You were on level 4 of the Dungeon.
You visited 1 branch of the dungeon, and saw 4 of its levels.

You collected 87 gold pieces.

Inventory:

Hand Weapons
 a - a +0 dagger
 e - a +0 hunting sling
 g - a +0 hand axe
 h - a +0 short sword
 s - a +0 dagger of venom
 w - a +0 hunting sling
 y - a +2 dagger of distortion (weapon)
Missiles
 i - 48 bolts
 q - 90 stones
 r - 41 arrows
 x - 40 sling bullets
 A - 8 boomerangs
Armour
 b - a +0 robe
 c - a +0 hat (worn)
 d - a +0 leather armour
 D - a +2 robe of cold resistance (worn)
Jewellery
 j - a ring of fire
 u - an amulet of guardian spirit
Wands
 B - a wand of polymorph (13)
 C - a wand of flame (19)
Scrolls
 k - a scroll of torment {unknown}
 m - a scroll of amnesia {unknown}
 n - a scroll of identify {unknown}
 t - a scroll of enchant weapon {unknown}
 v - a scroll of enchant armour {unknown}
 E - a scroll of noise {unknown}
Potions
 f - a potion of invisibility {unknown}
 l - a potion of curing {unknown}
 o - a potion of flight
 p - a potion of brilliance {unknown}
 z - a potion of might {unknown}


   Skills:
 + Level 2.7 Dodging
 + Level 2.2 Stealth
 * Level 4.9 Spellcasting


You couldn't memorise any spells.
You knew the following spells:

 Your Spells              Type           Power      Damage    Failure   Level
a - Magic Dart            Conj           88%        1d7       1%          1
b - Blink                 Tloc           N/A        N/A       2%          2
c - Call Imp              Summ           22%        N/A       2%          2
d - Slow                  Hex            22%        N/A       2%          2
e - Conjure Flame         Conj/Fire      22%        6-21      5%          3
f - Mephitic Cloud        Conj/Pois/Air  22%        N/A       5%          3
g - Beastly Appendage     Tmut           44%        N/A       1%          1
h - Passwall              Tmut/Erth      18%        N/A       2%          2
Your spell library was empty.

Dungeon Overview and Level Annotations

Branches:
Dungeon (4/15)
 Temple: D:4-7

Altars:
Elyvilon
Fedhas
Uskayaw

Shops:
D:4 =


Innate Abilities, Weirdness & Mutations

You are immune to sickness and miasma.
You are immune to poison.
Your flesh is very heat resistant. (rF++)
You are vulnerable to cold. (rC-)
You float through the air rather than walking.
You learn spells naturally, not from books.
Your magical power is your life essence.
You have superior vitality. (+4 HP)


Message History

Found a scroll labelled YZAFUF SANEG.
E - a scroll labelled YZAFUF SANEG You reach down and open the door. 2 orcs and 2 orc priests come into view.
The orc shouts! x2
Casting: Call Imp (safe; 2% risk of failure)
Confirm with . or Enter, or press ? or * to list all spells.
A beastly little devil appears in a puff of flame.
The orc priest shouts! x2; You hear an angry hiss.
A ball python comes into view.
Casting: Call Imp (safe; 2% risk of failure)
Confirm with . or Enter, or press ? or * to list all spells.
A beastly little devil appears in a puff of flame.
Your crimson imp says, "You called?"
Casting: Call Imp (safe; 2% risk of failure)
Confirm with . or Enter, or press ? or * to list all spells.
A beastly little devil appears in a puff of frigid air.
Your white imp says, "Let's cause havoc!"
The orc priest hits you with a +0 short sword.
You swap places.
The orc priest closely misses your crimson imp.
Your crimson imp hits the orc priest but does no damage.
Your crimson imp hits the orc priest.
The orc priest looks encouraged for a moment.
Your crimson imp hits the orc priest.
The orc priest calls down the wrath of Beogh upon you.
Beogh smites you!
Your crimson imp hits the orc priest.
Your crimson imp closely misses the orc priest.
The orc priest hits your crimson imp with a +0 short sword.
The orc priest looks satisfied for a moment.
Your crimson imp barely misses the orc priest.
Your white imp closely misses the orc.
Your crimson imp hits the orc.
The orc priest mumbles some strange prayers to Beogh against you.
Beogh smites you!
Your crimson imp hits the orc.
Your white imp hits the orc.
The orc dies!
The orc priest calls down the wrath of Beogh upon you.
Beogh smites you!
You die...

# # ...# # .....### #
....... # ...... # ....
############.#+#
.............#.#####
)......####.....@.5######
..................5)o.oo.S
.......####.......5#######
.......# #........#
######## .......#
#........###......###
...[...#
####.#<.............#
.......#
#.#######......#.#
#.####.# #.# #......#.#
..# #.# #.# #......#.#


You could see 2 orc priests, an orc, 2 friendly crimson imps and a friendly
white imp (summoned).

Vanquished Creatures
  An iguana (D:4)
  2 adders (D:3)
  An orc (D:4)
  2 endoplasms
  A giant cockroach (D:2)
  5 goblins
  4 hobgoblins
  6 kobolds
  3 quokkas
  A bat (D:1)
  4 rats (D:1)
30 creatures vanquished.

Vanquished Creatures (collateral kills)
  The ghost of RatsInWalls the Chopper, an amateur HOMo of Beogh (D:3)
  A phantom (D:4)
  Ijyb (D:4)
  2 orc wizards
  Terence (D:1)
  Robin (D:3)
  2 adders
  6 orcs
  2 ball pythons (D:3)
  An endoplasm (D:3)
  A giant cockroach (D:4)
  10 goblins
  4 hobgoblins
  3 jackals (D:3)
  A kobold (D:2)
  A quokka (D:3)
  A bat (D:3)
  2 frilled lizards
  A rat (D:3)
42 creatures vanquished.

Grand Total: 72 creatures vanquished

Notes
Turn   | Place    | Note
-------+----------+-------------------------------------------
     0 | D:1      | unlimited1921 the Djinni Hedge Wizard began the quest for
                  | the Orb.
     0 | D:1      | Reached XP level 1. HP: 15/15 MP: 0/0
   469 | D:1      | Found a faded altar of an unknown god.
  1243 | D:1      | Reached XP level 2. HP: 14/21 MP: 0/0
  2757 | D:2      | Noticed Terence
  3007 | D:1      | Killed Terence
  3008 | D:1      | Reached skill level 3 in Spellcasting
  3008 | D:1      | Reached XP level 3. HP: 16/25 MP: 0/0
  3008 | D:1      | Learned a level 1 spell: Beastly Appendage
  4051 | D:2      | You are sucked into a shaft and drop 1 floor!
  4051 | D:3      | Found a hide-covered altar of Uskayaw.
  4051 | D:3      | Found a white marble altar of Elyvilon.
  4323 | D:3      | Reached XP level 4. HP: 10/31 MP: 0/0
  5041 | D:3      | Noticed Robin
  5077 | D:3      | Killed Robin
  6473 | D:3      | Reached XP level 5. HP: 28/35 MP: 0/0
  6473 | D:3      | Learned a level 2 spell: Passwall
  6650 | D:3      | Found a runed translucent gate.
  6650 | D:3      | Found a runed translucent gate.
  6650 | D:3      | Found a runed translucent gate.
  6651 | D:3      | Noticed RatsInWalls's ghost (amateur HOMo)
  6693 | D:3      | Killed RatsInWalls's ghost
  6694 | D:3      | Reached skill level 4 in Spellcasting
  7069 | D:3      | Found a blossoming altar of Fedhas.
  7234 | D:4      | Noticed a phantom
  7310 | D:4      | Killed a phantom
  7311 | D:4      | Reached XP level 6. HP: 13/40 MP: 0/0
  7617 | D:4      | Found Nolecy Sabo's Jewellery Emporium.
  7962 | D:4      | Noticed Ijyb
  7988 | D:4      | Killed Ijyb
  8739 | D:4      | Killed from afar by an orc priest

Illustrated notes

Levels and vault maps discovered:
D:1:      dpeg_arrival_simpleton_b, layout_loops_ring,
          hellmonk_ecumenical_altar_leap_of_faith
D:2:      layout_loops_ring, basic_altar, minmay_close_crescents, uniq_terence
D:3:      layout_loops_ring, mainiacjoe_overflow_24_doors,
          gammafunk_temple_overflow_statue, ebering_ghost_rock_garden,
          uniq_robin
D:4:      layout_basic, nicolae_ossuary_entry_giza, serial_shops, shop,
          nrook_mini_vaults, uniq_ijyb, uniq_menkaure

Skill      XL: |  1  2  3  4  5 |
---------------+----------------+-----
Spellcasting   | 3 4 |  4.9
Stealth        | 2 |  2.2
Dodging        | |  2.7

Action                   |  1- 3 |  4- 6 || total
-------------------------+-------+-------++-------
 Cast: Magic Dart        |    47 |    22 ||    69
       Call Imp          |    13 |    66 ||    79
       Slow              |       |     4 ||     4
       Blink             |       |     2 ||     2
       Conjure Flame     |       |     1 ||     1
  Use: Potion            |     1 |       ||     1
Armor: Robe              |     5 |     5 ||    10
Dodge: Dodged            |    17 |    17 ||    34
